 Dungeon Crawl Stone Soup version 0.26-b1-32-g5d43845318 (webtiles) character file.

Game seed: 9701378573956703091

3668 Anon1729 the Martial Artist (level 10, -3/65 HPs)
             Began as a Merfolk Transmuter on Jan 5, 2021.
             Was an Elder of Cheibriados.
             Slain by a yak (10 damage)
             ... on level 9 of the Dungeon.
             The game lasted 00:12:54 (12177 turns).

Anon1729 the Martial Artist (Merfolk Transmuter)   Turns: 12177, Time: 00:12:55

Health: -3/65      AC:  6    Str: 20    XL:     10   Next: 12%
Magic:  11/15      EV: 16    Int: 25    God:    Cheibriados [****..]
Gold:   400        SH:  5    Dex: 23    Spells: 3/16 levels left

rFire    + . .     SeeInvis .     - Unarmed
rCold    . . .     Faith    .   (shield currently unavailable)
rNeg     . . .     Spirit   .   I - +0 steam dragon scales
rPois    .         Reflect  +   (no helmet)
rElec    .         Harm     .   (no cloak)
rCorr    .         Rampage  .   (gloves currently unavailable)
Will     +....                  k - +0 pair of boots
Stlth    ++........             s - amulet of reflection
HPRegen  0.20/turn              z - ring of willpower
MPRegen  0.14/turn              G - ring of protection from fire

@: blade hands, very slow
A: change form in water, swift swim, stealthy swim
a: End Transformation, Renounce Religion, Bend Time, Temporal Distortion, Slouch


You were on level 9 of the Dungeon.
You worshipped Cheibriados.
Cheibriados was greatly pleased with you.
You had blades for hands.
You visited 2 branches of the dungeon, and saw 10 of its levels.
You also visited: Ossuary.

You collected 400 gold pieces.

Inventory:

Armour
 a - a +0 robe
 k - a +0 pair of boots (worn)
 I - +0 steam dragon scales (worn)
Jewellery
 l - an uncursed amulet of faith
 s - an amulet of reflection (around neck)
 z - a ring of willpower (left scythe-like blade)
 F - an uncursed ring of resist corrosion
 G - a ring of protection from fire (right scythe-like blade)
 H - an uncursed ring of poison resistance
Wands
 u - a wand of digging (5)
 A - a wand of iceblast (13)
 J - a wand of flame (21)
Scrolls
 b - 8 scrolls of identify {unknown}
 g - 4 scrolls of fear {unknown}
 h - a scroll of enchant armour {unknown}
 i - 2 scrolls of noise {unknown}
 m - 9 scrolls of teleportation {unknown}
 n - 3 scrolls of enchant weapon {unknown}
 p - 4 scrolls of remove curse {unknown}
 q - a scroll of amnesia {unknown}
 v - a scroll of immolation {unknown}
 x - a scroll of fog {unknown}
 y - a scroll of blinking {unknown}
 B - a scroll of vulnerability {unknown}
 E - a scroll of random uselessness {unknown}
Potions
 c - 4 potions of haste
 d - 2 potions of brilliance
 e - a potion of attraction {unknown}
 f - a potion of ambrosia {unknown}
 j - 2 potions of might
 o - 2 potions of cancellation {unknown}
 r - a potion of curing {unknown}
 t - a potion of heal wounds
 w - 2 potions of degeneration {unknown}
 C - 2 potions of lignification {unknown}
 D - a potion of flight {unknown}


   Skills:
 - Level 1.1 Fighting
 + Level 5.3 Dodging
 - Level 13.1 Unarmed Combat
 + Level 3.9 Spellcasting
 * Level 7.6 Transmutations


You had 3 spell levels left.
You knew the following spells:

 Your Spells              Type           Power        Failure   Level
a - Beastly Appendage     Tmut           86%          11%         1
b - Wereblood             Tmut           43%          13%         2
c - Spider Form           Tmut/Pois      12%          36%         3
d - Blade Hands           Tmut           21%          47%         5
e - Passwall              Tmut/Erth      20%          26%         2

Your spell library contained the following spells:

 Spells                   Type           Power        Failure   Level
 Sandblast                Erth           8%           45%         1
 Poisonous Vapours        Pois/Air       8%           54%         2
 Conjure Flame            Conj/Fire      4%           71%         3
 Mephitic Cloud           Conj/Pois/Air  4%           71%         3
 Stone Arrow              Conj/Erth      8%           71%         3
 Ice Form                 Ice/Tmut       24%          61%         4
 Petrify                  Tmut/Erth      24%          61%         4
 Lee's Rapid Deconstruct  Erth           2%           99%         5
 Freezing Cloud           Conj/Ice/Air   2%           100%        6


Dungeon Overview and Level Annotations

Branches:
Dungeon (9/15)             Temple (1/1) D:5         Ossuary (visited)
   Lair: D:8-11         Orc: D:9-12

Altars:
Ashenzari
Cheibriados
Dithmenos
Fedhas
Gozag
Hepliaklqana
Kikubaaqudgha
Makhleb
Nemelex Xobeh
Okawaru
Qazlal
Ru
Sif Muna
Trog
Uskayaw
Vehumet
Wu Jian
Xom
Yredelemnul
Zin
The Shining One

Annotations:
D:7 2 transporters, Anon1729's ghost, novice DrTm


Message History

* * * LOW HITPOINT WARNING * * *
You are too injured to fight recklessly!
You are too injured to fight recklessly!
You are too injured to fight recklessly!
You are too injured to fight recklessly!
You are too injured to fight recklessly!
You are too injured to fight recklessly!
You are too injured to fight recklessly!
You are too injured to fight recklessly!
You are too injured to fight recklessly!
You are too injured to fight recklessly!
You are too injured to fight recklessly!
You are too injured to fight recklessly!
You are too injured to fight recklessly!
You are too injured to fight recklessly!
You are too injured to fight recklessly!
You block the yak's attack. The yak gores you.
* * * LOW HITPOINT WARNING * * *
The yak gores you!
You die...

#....####.
#......... #.
#...#......... #.
#...#.........
#.##...#.........
#......#.........
#......#.........
#......#YYY......
#......#@Y.......
#......'.Y.......
#......#...(#####
#......#....#
#......#....#
#......#....#
#......#....#
#......#....#
#......#....#


You could see 5 yaks.

Vanquished Creatures
  A yak (D:9)
  A steam dragon (D:8)
  3 ice beasts
  An orc warrior (D:8)
  4 phantoms
  An ogre (D:5)
  A centaur (D:6)
  4 bullfrogs
  3 scorpions
  A water moccasin zombie (Ossuary)
  A wyvern skeleton (D:8)
  4 killer bees (D:7)
  13 wights
  4 howler monkeys (D:8)
  A bullfrog zombie (D:6)
  4 hounds
  A jelly (D:8)
  4 orc priests (D:5)
  A centaur skeleton (D:6)
  7 orc wizards
  3 worker ants
  2 iguanas
  A killer bee zombie (D:8)
  2 big kobold zombies (Ossuary)
  A hound zombie (D:7)
  3 mummies
  4 gnolls (D:4)
  12 adders
  A shadow imp (D:5)
  A white imp (D:5)
  An ufetubus (D:8)
  3 oozes (D:1)
  8 adder zombies
  An adder skeleton (D:5)
  3 worms
  3 dart slugs
  2 leopard geckos
  36 orcs
  2 ball pythons (D:4)
  11 bats
  4 giant cockroaches
  A gnoll zombie (Ossuary)
  9 goblins
  9 hobgoblins
  12 jackals
  4 kobolds
  4 quokkas
  3 frilled lizards
  A goblin zombie (D:6)
  6 hobgoblin zombies (Ossuary)
  A jackal skeleton (D:5)
  8 kobold zombies
  4 orc zombies (Ossuary)
  2 quokka skeletons
  A quokka zombie (D:8)
  6 rats
235 creatures vanquished.

Notes
Turn   | Place    | Note
-------+----------+-------------------------------------------
     0 | D:1      | Anon1729 the Merfolk Transmuter began the quest for the
                  | Orb.
     0 | D:1      | Reached XP level 1. HP: 15/15 MP: 3/3
   158 | D:1      | Reached XP level 2. HP: 8/21 MP: 3/5
   160 | D:1      | Reached skill level 4 in Unarmed Combat
   733 | D:1      | Reached XP level 3. HP: 21/26 MP: 6/6
  1340 | D:2      | Reached skill level 5 in Unarmed Combat
  1776 | D:2      | Reached XP level 4. HP: 24/32 MP: 5/7
  2079 | D:2      | Learned a level 2 spell: Wereblood
  2910 | D:3      | Reached skill level 6 in Unarmed Combat
  2936 | D:3      | Reached XP level 5. HP: 23/37 MP: 8/8
  3069 | D:3      | Learned a level 3 spell: Spider Form
  3356 | D:3      | Found a shimmering altar of Xom.
  3357 | D:3      | Found a shadowy altar of Dithmenos.
  3357 | D:3      | Found a glowing golden altar of the Shining One.
  3359 | D:3      | Found a basalt altar of Yredelemnul.
  4533 | D:4      | Reached skill level 7 in Unarmed Combat
  4534 | D:4      | Reached XP level 6. HP: 32/43 MP: 2/9
  5372 | D:5      | Entered Level 5 of the Dungeon
  5388 | D:5      | Noticed a phantom
  5423 | D:5      | Killed a phantom
  5424 | D:5      | Reached skill level 8 in Unarmed Combat
  5908 | D:5      | Noticed a phantom
  5926 | D:5      | Killed a phantom
  5927 | D:5      | Reached XP level 7. HP: 36/48 MP: 8/10
  6152 | D:5      | Reached skill level 9 in Unarmed Combat
  6415 | D:5      | Found a staircase to the Ecumenical Temple.
  6459 | Temple   | Entered the Ecumenical Temple
  6736 | Temple   | Became a worshipper of Cheibriados the Contemplative
  6924 | D:5      | Found a sparkling altar of Nemelex Xobeh.
  6924 | D:5      | Found a hazy altar of Hepliaklqana.
  7095 | D:5      | Reached skill level 10 in Unarmed Combat
  7179 | D:5      | Reached XP level 8. HP: 21/54 MP: 5/11
  7558 | D:6      | Found a sand-covered staircase.
  7565 | Ossuary  | Entered an ossuary
  7587 | Ossuary  | Reached * piety under Cheibriados
  7956 | D:6      | Reached skill level 11 in Unarmed Combat
  8023 | D:6      | Found a hide-covered altar of Uskayaw.
  8359 | D:6      | Reached ** piety under Cheibriados
  8665 | D:7      | Reached skill level 12 in Unarmed Combat
  8811 | D:7      | Reached XP level 9. HP: 21/59 MP: 8/12
  9101 | D:7      | Found a transporter.
  9103 | D:7      | Identified the +8 whip "Qymezolo" {antimagic, Will+}
  9108 | D:7      | Found a bloodstained altar of Trog.
  9108 | D:7      | Noticed a moth of wrath
  9427 | D:7      | Noticed Anon1729's ghost (novice DrTm)
  9603 | D:7      | Noticed a two-headed ogre
  9605 | D:7      | Found a transporter.
  9744 | D:7      | Reached skill level 13 in Unarmed Combat
  9942 | D:7      | Learned a level 2 spell: Passwall
  9957 | D:7      | Reached *** piety under Cheibriados
 10615 | D:8      | Reached skill level 5 in Transmutations
 11163 | D:8      | Reached **** piety under Cheibriados
 11423 | D:8      | Reached XP level 10. HP: 65/65 MP: 13/15
 11615 | D:8      | Reached skill level 5 in Dodging
 12145 | D:9      | Learned a level 5 spell: Blade Hands
 12177 | D:9      | Slain by a yak

Illustrated notes

Levels and vault maps discovered:
D:1:      amcnicky_arrival_feature_with_door, layout_basic,
          chequers_serial_rivers_marsh
D:2:      layout_loops_corners
D:3:      layout_basic, minitemple
D:4:      layout_basic, st_stairs_11
D:5:      layout_loops_ring, gammafunk_temple_overflow_wave,
          minmay_temple_entry_grid
D:6:      layout_loops_cross, lemuel_crystal_altar, nicolae_ossuary_entry_giza
D:7:      layout_loops_ring, gammafunk_ghost_wrathful_warriors
D:8:      layout_layer_cave
D:9:      layout_stronghold, overflow_temple_1_default
Temple:   eino_narrow_crystal_temple

Skill      XL: |  1  2  3  4  5  6  7  8  9 10 |
---------------+-------------------------------+-----
Unarmed Combat | 4 5 6 7 8 10 12 13 | 13.1
Transmutations | 6 7 |  7.6
Dodging        | 4 5 |  5.3
Spellcasting   | 3 |  3.9
Fighting       | |  1.1

Action                   |  1- 3 |  4- 6 |  7- 9 | 10-12 || total
-------------------------+-------+-------+-------+-------++-------
Melee: Unarmed           |   102 |   210 |   390 |    44 ||   746
       Headbutt          |     2 |     5 |    30 |     1 ||    38
       Tailslap          |     1 |       |       |       ||     1
       Punch             |       |     6 |    18 |     3 ||    27
 Cast: Beastly Appendage |     4 |    22 |    20 |       ||    46
       Spider Form       |       |     4 |    19 |       ||    23
       Wereblood         |       |     1 |     3 |       ||     4
       Blade Hands       |       |       |       |     1 ||     1
 Abil: End Transformatio |       |       |     1 |       ||     1
  Use: Potion            |       |       |     4 |       ||     4
 Stab: Sleeping          |     1 |     1 |       |       ||     2
Armor: Robe              |    25 |    36 |    21 |       ||    82
       Skin              |       |       |     2 |       ||     2
       Steam dragon scal |       |       |     5 |     8 ||    13
Dodge: Dodged            |    61 |   133 |   203 |    22 ||   419
Block: Other             |       |    23 |    51 |     4 ||    78
       Reflection        |       |     1 |       |       ||     1
